 Dungeon Crawl Stone Soup version 0.29-a0-841-g116ddc6ace (webtiles) character file.

Game seed: 17078197718547584084

209 IdlyInterested the Slasher (level 5, -1/41 HPs)
             Began as a Demonspawn Fighter on July 14, 2022.
             Slain by Natasha (7 damage)
             ... on level 2 of the Dungeon.
             The game lasted 00:04:36 (2180 turns).

IdlyInterested the Slasher (Demonspawn Fighter)     Turns: 2180, Time: 00:04:37

Health: -1/41      AC:  8    Str: 16    XL:     5   Next: 55%
Magic:  6/6        EV:  6    Int: 10    God:
Gold:   58         SH:  4    Dex: 14    Spells: 5/5 levels left

rFire   . . .      SeeInvis .   a - +0 long sword
rCold   . . .      Faith    .   c - +0 buckler
rNeg    . . .      Spirit   .   s - +0 chain mail
rPois   .          Reflect  .   (no helmet)
rElec   .          Harm     .   (no cloak)
rCorr   .          Rampage  .   (no gloves)
Will    .....                   (no boots)
Stlth   ..........              (no amulet)
HPRegen 0.13/turn               (no ring)
MPRegen 0.20/turn               (no ring)

@: no status effects
A: magic regeneration, demonic touch 2
a: no special abilities


You were on level 2 of the Dungeon.
You visited 1 branch of the dungeon, and saw 2 of its levels.

You collected 58 gold pieces.

Inventory:

Hand Weapons
 a - a +0 long sword (weapon)
Missiles
 d - 3 poisoned darts (quivered)
 l - 2 silver javelins
 x - 5 datura-tipped darts
Armour
 b - a +0 scale mail
 c - a +0 buckler (worn)
 h - a +0 leather armour
 s - a +0 chain mail (worn)
Scrolls
 e - 2 scrolls of fog {unknown}
 j - a scroll of blinking {unknown}
 k - a scroll of amnesia {unknown}
 m - 2 scrolls of enchant armour {unknown}
 n - 2 scrolls of vulnerability {unknown}
 o - a scroll of teleportation {unknown}
 p - a scroll of fear {unknown}
 q - 3 scrolls of identify {unknown}
 u - a scroll of summoning {unknown}
 w - a scroll of noise {unknown}
Potions
 f - 2 potions of heal wounds {unknown}
 g - a potion of attraction {unknown}
 i - 2 potions of curing {unknown}
 r - a potion of degeneration {unknown}
 t - a potion of mutation {unknown}
 v - a potion of cancellation {unknown}


   Skills:
 - Level 3.0 Fighting
 * Level 4.9 Long Blades
 - Level 1.0 Throwing
 - Level 2.6 Armour
 - Level 2.6 Shields
 * Level 0.9 Spellcasting
 - Level 1.0 Evocations


You had 5 spell levels left.
You didn't know any spells.
Your spell library was empty.

Dungeon Overview and Level Annotations

Branches:
Dungeon (2/15)

Altars:

Annotations:
D:2 Natasha


Innate Abilities, Weirdness & Mutations

You regenerate magic rapidly.
Your touch may inflict irresistible damage on your foes.


Message History

The adder poisons you! The adder bites you but does no damage.
You closely miss the adder.
The adder is severely wounded.
You feel sick. The adder barely misses you.
You hit the adder but do no damage.
The adder is severely wounded.
You feel sick. The adder bites you but does no damage.
The adder completely misses you.
You closely miss the adder.
The adder is severely wounded.
You feel sick. The adder bites you but does no damage.
You hit the adder.
You kill the adder!
You feel sick.
You feel sick.
You are no longer poisoned.
You see here an adder corpse.
You start resting.
Natasha, Servant of Life and Death comes into view.
Natasha hisses angrily.
Natasha casts a spell at you. The magic dart hits you!
* * * LOW HITPOINT WARNING * * *
Natasha claws you.
* * * LOW HITPOINT WARNING * * *
Okay, then.
You hit Natasha.
Natasha is lightly wounded.
Natasha mumbles some strange words.
You hit Natasha.
Natasha is heavily wounded.
Natasha claws you.
* * * LOW HITPOINT WARNING * * *
You slash Natasha!
Natasha is almost dead.
Natasha completely misses you.
You hit Natasha but do no damage.
Natasha is almost dead.
Natasha claws you!
You die...

#.#.##.#.......#.##.##
# #....#.........##.#
###..#.........##.##
#.###..#.............#
#......#........####..
#####.#########.####.#
#†# #.#.>... #.#
######.#.##.# #@#
..........##.# #h#
#######......# .5.
##..##.# #.... #.....#
#...## ##..... #####
###### ### ... #


You could see Natasha and a shadow imp (summoned).

Vanquished Creatures
  Sigmund (D:2)
  Natasha (D:2)
  An adder (D:2)
  2 ball pythons
  An endoplasm (D:1)
  A giant cockroach (D:1)
  A goblin (D:1)
  3 hobgoblins
  3 jackals (D:2)
  3 quokkas
  4 bats
  2 frilled lizards (D:1)
  A kobold (D:1)
  A rat (D:1)
25 creatures vanquished.

Notes
Turn   | Place    | Note
-------+----------+-------------------------------------------
     0 | D:1      | IdlyInterested the Demonspawn Fighter began the quest for
                  | the Orb.
     0 | D:1      | Reached XP level 1. HP: 18/18 MP: 1/1
   166 | D:1      | Reached skill level 2 in Long Blades
   667 | D:1      | Reached skill level 1 in Throwing
   667 | D:1      | Gained mutation: Your touch may inflict minor irresistible
                  | damage on your foes. [demonic ancestry]
   667 | D:1      | Reached XP level 2. HP: 16/24 MP: 2/2
  1495 | D:2      | Noticed Sigmund
  1506 | D:2      | Killed Sigmund
  1507 | D:2      | Reached skill level 4 in Long Blades
  1507 | D:2      | Reached skill level 1 in Evocations
  1507 | D:2      | Reached XP level 3. HP: 20/29 MP: 3/3
  1507 | D:2      | Gained mutation: Your touch may inflict irresistible damage
                  | on your foes. [demonic ancestry]
  1507 | D:2      | Reached XP level 4. HP: 24/35 MP: 4/4
  1507 | D:2      | Gained mutation: You regenerate magic rapidly. [demonic
                  | ancestry]
  1507 | D:2      | Reached XP level 5. HP: 28/41 MP: 5/5
  2006 | D:2      | Noticed Natasha
  2010 | D:2      | Killed Natasha
  2174 | D:2      | Noticed Natasha
  2180 | D:2      | Slain by Natasha

Illustrated notes

Levels and vault maps discovered:
D:1:      shiori_shiawase, layout_basic, dreamdust_princess_bridge,
          minivault_27, minmay_misc_feat_hallway, minivault_11,
          hangedman_decor_diamond_cutter
D:2:      layout_loops_cross, serial_glass, glass_columns_a, glass_columns_a,
          uniq_natasha, uniq_sigmund

Skill      XL: |  1  2 |
---------------+-------+-----
Long Blades    | 2 4 |  4.9
Throwing       | 1 |  1.0
Evocations     | 1 |  1.0
Fighting       | |  3.0
Armour         | |  2.6
Shields        | |  2.6
Spellcasting   | |  0.9

Action                   |  1- 3 |  4- 6 || total
-------------------------+-------+-------++-------
Melee: Long sword        |    47 |    56 ||   103
  Use: Potion            |     1 |       ||     1
Armor: Leather armour    |     9 |       ||     9
       Scale mail        |     2 |       ||     2
       Chain mail        |     4 |    39 ||    43
Dodge: Dodged            |    21 |    21 ||    42
Block: Buckler           |    11 |    13 ||    24

Table legend: (Time is in decaauts)
 A = Elapsed time spent in this place.
 B = Non-inter-level travel time spent in this place.
 C = Inter-level travel time spent in this place.
 D = Time resting spent in this place.
 E = Time spent auto-exploring this place.
 F = Levels seen in this place.
 G = Mean time per level.
                   A        B        C        D        E       F      G
               +--------+--------+--------+--------+--------+-----+--------+
         Total |   2208 |   1995 |    213 |    235 |   1459 |   2 | 1104.0 |
       Dungeon |   2208 |   1995 |    213 |    235 |   1459 |   2 | 1104.0 |
               +--------+--------+--------+--------+--------+-----+--------+

Top non-repeatable levels by time:
     D:1: 1439 daAuts
     D:2: 769 daAuts
